 Dungeon Crawl Stone Soup version 0.26.1-2-gb8aa6d0cf2 (webtiles) character file.

Game seed: 13405878007763080077

1272 YokaiYokai the Cutter (level 8, -2/70 HPs)
             Began as a Minotaur Berserker on Mar 1, 2021.
             Was a High Priest of Trog.
             Killed by divine providence
             ... invoked by an orc priest
              (8 damage)
             ... on level 8 of the Dungeon on Mar 3, 2021.
             The game lasted 00:22:26 (5413 turns).

YokaiYokai the Cutter (Minotaur Berserker)          Turns: 5413, Time: 00:22:28

Health: -2/70      AC: 13    Str: 24    XL:     8   Next: 28%
Magic:  7/7        EV:  7    Int:  4    God:    Trog [*****.]
Gold:   310        SH:  9    Dex: 10    Spells: 7/7 levels left

rFire    . . .     SeeInvis .   f - +5 short sword
rCold    . . .     Faith    .   u - +0 kite shield
rNeg     . . .     Spirit   .   b - +0 chain mail
rPois    .         Reflect  .   (helmet restricted)
rElec    .         Harm     .   i - +0 cloak
rCorr    .         Rampage  .   n - +1 pair of gloves
Will     .....                  (no boots)
Stlth    ..........             (no amulet)
HPRegen  0.21/turn              (no ring)
MPRegen  0.10/turn              (no ring)

@: berserk cooldown, flying, slowed, very slow
A: retaliatory headbutt, horns 2
a: Renounce Religion, Berserk, Trog's Hand, Brothers in Arms


You were on level 8 of the Dungeon.
You worshipped Trog.
Trog was extremely pleased with you.
You visited 1 branch of the dungeon, and saw 6 of its levels.
You also visited: Sewer.

You collected 310 gold pieces.

Inventory:

Hand Weapons
 a - a +1 mace
 f - a +5 short sword (weapon)
Armour
 b - a +0 chain mail (worn)
 i - a +0 cloak (worn)
 n - a +1 pair of gloves (worn)
 u - a +0 kite shield (worn)
Jewellery
 q - an uncursed ring of willpower
Wands
 j - a wand of iceblast (12)
 x - a wand of enslavement (7)
 z - a wand of paralysis (7)
Scrolls
 g - a scroll of noise {unknown}
 h - 9 scrolls of teleportation
 k - 2 scrolls of enchant weapon
 o - 2 scrolls of amnesia
 p - a scroll of blinking {unknown}
 r - a scroll of identify
 t - a scroll of fog {unknown}
 y - a scroll of remove curse
Potions
 c - 4 potions of might
 d - a potion of curing
 e - 2 potions of heal wounds {unknown}
 l - 2 potions of haste {unknown}
 m - 2 potions of mutation {unknown}
 s - a potion of attraction {unknown}
 v - 4 potions of flight
 w - a potion of brilliance {unknown}


   Skills:
 + Level 6.3 Fighting
 + Level 6.8 Short Blades
 + Level 4.3 Maces & Flails
 + Level 5.9 Armour
 + Level 3.3 Dodging
 + Level 0.9 Stealth
 + Level 3.3 Shields


You had 7 spell levels left.
You didn't know any spells.
Your spell library was empty.

Dungeon Overview and Level Annotations

Branches:
Dungeon (5/15)              Sewer (visited)
 Temple: D:4-7

Altars:
Makhleb
Okawaru


Innate Abilities, Weirdness & Mutations

You reflexively headbutt those who attack you in melee.
You have a pair of horns on your head.


Message History

The orc shouts!
You block the hornet zombie's attack. The adder skeleton bites you.
* * * LOW HITPOINT WARNING * * *
The hornet zombie hits you.
* * * LOW HITPOINT WARNING * * *
You block the adder skeleton's attack. The hornet zombie hits you.
* * * LOW HITPOINT WARNING * * *
The adder skeleton bites you but does no damage.
The orc priest looks encouraged for a moment.
The hornet zombie hits you.
* * * LOW HITPOINT WARNING * * *
Found 11 gold pieces.
You feel very buoyant.
You fly up into the air.
The hornet zombie hits you!
* * * LOW HITPOINT WARNING * * *
The adder skeleton bites you but does no damage.
The orc priest mumbles some strange prayers to Beogh against you.
Beogh smites you!
You die...

....$ ... .... ..
... #.# ..###..#
....... #...#..#
...(.. ####......# #
.....##
.#..#.....##.#
......
.......@.....# .....
.......oZ.##... #...
......Z....# ##.####
....o......#
##....##
..........##
##....o##..oo......#
......)oo.........##
.....ooy....#.#.#.#
..##...o....#### .#


You could see an orc priest, 3 orcs, a hornet zombie and an adder skeleton.

Vanquished Creatures
  A phantom (D:5)
  A sky beast (D:5)
  An ice beast (D:8)
  A centaur (D:4)
  2 killer bees (D:8)
  A howler monkey (D:4)
  A bullfrog zombie (D:8)
  An orc priest (D:4)
  7 orc wizards
  2 bullfrog skeletons
  A centaur skeleton (D:4)
  Terence (D:3)
  A merfolk siren (Sewer)
  A worker ant (D:5)
  A merfolk avatar (Sewer)
  A howler monkey skeleton (D:2)
  7 gnolls
  8 adders
  A river rat (Sewer)
  A shadow imp (D:5)
  An ooze (D:2)
  An adder zombie (D:5)
  3 worms (D:2)
  A dart slug (D:3)
  11 leopard geckos
  36 orcs
  9 giant cockroaches
  7 goblins
  4 hobgoblins
  2 quokkas
  3 ball pythons (Sewer)
  5 bats
  10 frilled lizards
  A jackal zombie (D:5)
  6 kobolds
  A quokka skeleton (D:3)
  27 rats
169 creatures vanquished.

Notes
Turn   | Place    | Note
-------+----------+-------------------------------------------
     0 | D:1      | YokaiYokai the Minotaur Berserker began the quest for the
                  | Orb.
     0 | D:1      | Reached XP level 1. HP: 19/19 MP: 0/0
   243 | D:1      | Reached XP level 2. HP: 21/27 MP: 1/1
   809 | D:2      | Reached ** piety under Trog
   832 | D:2      | Reached XP level 3. HP: 22/34 MP: 2/2
  1274 | D:2      | Found a burning altar of Makhleb.
  1483 | D:2      | Reached XP level 4. HP: 41/41 MP: 3/3
  1745 | D:3      | Reached skill level 1 in Short Blades
  1751 | D:3      | Reached skill level 5 in Fighting
  1944 | D:3      | Reached XP level 5. HP: 48/48 MP: 4/4
  2109 | D:3      | Noticed Terence
  2126 | D:3      | Killed Terence
  2498 | D:3      | Reached XP level 6. HP: 53/56 MP: 5/5
  2498 | D:3      | Reached *** piety under Trog
  2714 | D:3      | Found an iron altar of Okawaru.
  3560 | D:4      | Reached XP level 7. HP: 62/62 MP: 6/6
  3829 | D:5      | Entered Level 5 of the Dungeon
  3955 | D:5      | Reached skill level 5 in Short Blades
  3999 | D:5      | Reached skill level 5 in Armour
  4026 | D:5      | Found a glowing drain.
  4039 | Sewer    | Entered a sewer
  4217 | Sewer    | Reached **** piety under Trog
  4240 | Sewer    | Reached skill level 1 in Shields
  4730 | D:5      | Reached XP level 8. HP: 48/70 MP: 7/7
  5139 | D:5      | You fall into a shaft and drop 3 floors!
  5395 | D:8      | Reached ***** piety under Trog
  5413 | D:8      | Killed from afar by an orc priest

Illustrated notes

Levels and vault maps discovered:
D:1:      mrwooster_arrival_statue_2, layout_loops_ring
D:2:      layout_loops_ring, lemuel_coloured_pillars_altar
D:3:      layout_rooms, general_overflow_altar, uniq_terence
D:4:      layout_basic
D:5:      layout_loops_ring, gup_sewer_entry_pipe, grunt_decor_mini_mirrors
D:8:      layout_cave_pools, lemuel_crystal_altar, serial_shops, shop

Skill      XL: |  1  2  3  4  5  6  7  8 |
---------------+-------------------------+-----
Fighting       | 4 5 6 |  6.3
Maces & Flails | 4 |  4.3
Short Blades   | 1 2 4 6 |  6.8
Armour         | 3 4 5 |  5.9
Dodging        | 3 |  3.3
Shields        | 1 3 |  3.3
Stealth        | |  0.9

Action                   |  1- 3 |  4- 6 |  7- 9 || total
-------------------------+-------+-------+-------++-------
Melee: Short sword       |    53 |   111 |   232 ||   396
       Mace              |     6 |       |       ||     6
       Headbutt          |    13 |    13 |    30 ||    56
Invok: Berserk           |       |     5 |     1 ||     6
  Use: Scroll            |     5 |     4 |     3 ||    12
       Potion            |       |     1 |     2 ||     3
Armor: Animal skin       |     4 |       |       ||     4
       Ring mail         |    25 |     5 |       ||    30
       Chain mail        |       |    66 |   132 ||   198
Dodge: Dodged            |    54 |    78 |    68 ||   200
Block: Kite shield       |       |     2 |   102 ||   104
